 Dungeon Crawl Stone Soup version 0.14-a0-736-g2a71271 (webtiles) character file.

31 Malachi the Ruffian (level 2, -2/23 HPs)
             Began as a Draconian Transmuter on Nov 7, 2013.
             Killed from afar by Jessica (7 damage)
             ... with a wand of flame
             ... on Level 2 of the Dungeon.
             The game lasted 00:01:40 (1453 turns).

Malachi the Ruffian (Draconian Transmuter)          Turns: 1453, Time: 00:01:40

HP  -2/23        AC  5     Str 12      XL: 2   Next: 86%
MP   2/3         EV 12     Int 13      God:
Gold 6           SH  0     Dex 11      Spells:  1 memorised,  4 levels left

Res.Fire  : . . .   See Invis. : .     - Unarmed
Res.Cold  : . . .   Warding    : .   (armour unavailable)
Life Prot.: . . .   Conserve   : .   (no shield)
Res.Poison: .       Res.Corr.  : .   (helmet restricted)
Res.Elec. : .       Clarity    : .   (no cloak)
Sust.Abil.: . .     Spirit.Shd : .   h - +0 pair of orc gloves
Res.Mut.  : .       Stasis     : .   (boots unavailable)
Res.Rott. : .       Flight     : .   (no amulet)
Saprovore : . . .                    (no ring)
                                     r - ring of invisibility

@: appendage (expiring), very slightly contaminated, slowed, very slow, not
resistant to hostile enchantments, unstealthy
A: unfitting armour, talons 3, AC +4
a: End Transformation, Evoke Invisibility


You were on level 2 of the Dungeon.
You were not hungry.
You had grown temporary talons.
You visited 1 branch of the dungeon, and saw 2 of its levels.

You collected 6 gold pieces.

Inventory:

Missiles
 b - 12 arrows
Armour
 h - a +0 pair of orcish gloves (worn)
Comestibles
 a - a bread ration
 n - an apple
 s - a meat ration
Scrolls
 i - a scroll of remove curse {unknown}
 l - a scroll of teleportation {unknown}
 m - 3 scrolls of curse weapon {unknown}
 p - a scroll of random uselessness {unknown}
 q - a scroll of amnesia {unknown}
Jewellery
 r - a ring of invisibility (left hand)
Potions
 c - a potion of confusion {unknown}
 e - a potion of resistance {unknown}
 f - a potion of mutation {unknown}
 g - 2 potions of invisibility {unknown}
 j - a potion of restore abilities {unknown}
Books
 d - a book of Changes

   Spells                             Type                      Level
   *Beastly Appendage                 Transmutation                1
   Sticks to Snakes                   Transmutation                2
   Spider Form                        Transmutation/Poison         3
   Ice Form                           Ice/Transmutation            4
   Blade Hands                        Transmutation                5


   Skills:
 + Level 1.1 Fighting
 + Level 2.0 Dodging
 + Level 0.2 Stealth
 * Level 3.8 Unarmed Combat
 - Level 2.0 Spellcasting
 * Level 2.2 Transmutations


You had 4 spell levels left.
You knew the following spells:

 Your Spells              Type           Power        Failure   Level  Hunger
a - Beastly Appendage     Trmt           #.....       12%         1    ##.....


Dungeon Overview and Level Annotations

Branches:
Dungeon (2/27)

Altars:

Annotations:
D:2 Jessica


Innate Abilities, Weirdness & Mutations

Your plain brown scales are hard (AC +4).
Your body does not fit into most forms of armour.
Your cold-blooded metabolism reacts poorly to cold.
You have claws for feet.


Message History

Your tail-slap misses Jessica.
Jessica is almost dead.
Jessica drinks a potion.
Jessica is healed!
You hit Jessica.
Jessica is heavily wounded.
Jessica hits you.
* * * LOW HITPOINT WARNING * * *
Jessica looks very angry.
Jessica closely misses you.
Casting: Beastly Appendage
Confirm with . or Enter, or press ? or * to list all spells.
You miscast Beastly Appendage.
You are very lightly contaminated with residual magic.
The air around you crackles with energy!
Jessica zaps a wand.
The puff of flame misses you.
You closely miss Jessica. You claw Jessica.
You punch Jessica, but do no damage.
Jessica is heavily wounded.
Jessica zaps a wand.
The puff of flame hits you!
You die...

#...... ###.......
#..........
#........ #.##
#......#
#....#..%...#####
#>.........$..
#.#<..@..###.###
#)...@.......#
#....#####.##.....
#.... #.# . #....
#.# .... ... #.#+#
#.. . #.#. ..#.
#.#.#


You could see Jessica.

Vanquished Creatures
  A ball python (D:1)
  3 bats (D:1)
  A giant cockroach (D:1)
  4 hobgoblins (D:1)
  A quokka (D:2)
  2 giant newts (D:1)
  4 goblins (D:1)
  6 kobolds (D:1)
  4 rats (D:1)
26 creatures vanquished.

Notes
Turn   | Place    | Note
--------------------------------------------------------------
     0 | D:1      | Malachi, the Draconian Transmuter, began the quest for the Orb.
     0 | D:1      | Reached XP level 1. HP: 16/16 MP: 1/1
   730 | D:1      | Reached XP level 2. HP: 20/23 MP: 3/3
  1435 | D:2      | Noticed Jessica
  1453 | D:2      | Killed from afar by Jessica

Action                   || total
-------------------------++-------
Melee: Unarmed           ||   103
 Cast: Beastly Appendage ||     1
